 Dungeon Crawl Stone Soup version 0.22-b1-26-g9dbaab1 (webtiles) character file.

4227 Lilu the Thaumaturge (level 10, -1/64 HPs)
             Began as a Deep Elf Conjurer on Aug 6, 2018.
             Was a Believer of Vehumet.
             Slain by a quokka (2 damage)
             ... on level 9 of the Dungeon.
             The game lasted 00:44:41 (12260 turns).

Lilu the Thaumaturge (Deep Elf Conjurer)           Turns: 12260, Time: 00:44:43

Health: -1/64      AC:  4    Str:  7    XL:     10   Next: 9%
Magic:  17/25      EV: 13    Int: 27    God:    Vehumet [**....]
Gold:   616        SH:  5    Dex: 15    Spells: 21/28 levels left

rFire    . . .     SeeInvis +   N - +9 flail of Disharmony {freeze, *Rage +Fly rPois Int+5}
rCold    . . .     Gourm    .   r - +0 buckler
rNeg     + . .     Faith    .   a - +0 robe
rPois    +         Spirit   .   x - +0 helmet
rElec    .         Reflect  .   v - scarf {cloud immunity}
rCorr    .         Harm     .   H - +0 pair of gloves
MR       +....     Rnd*Rage +   (no boots)
Stlth    ++........             (no amulet)
HPRegen  0.20/turn              A - ring of positive energy
MPRegen  0.19/turn              u - ring of see invisible

@: berserk cooldown, slowed, very slow
A: no striking features
a: Renounce Religion, Evoke Flight


You were on level 9 of the Dungeon.
You worshipped Vehumet.
Vehumet was pleased with you.
You were not hungry.

You visited 2 branches of the dungeon, and saw 10 of its levels.

You collected 616 gold pieces.

Inventory:

Hand Weapons
 C - a +1 flail of holy wrath
 N - the +9 flail of Disharmony (weapon) {freeze, *Rage +Fly rPois Int+5}
   (You took it off a gnoll on level 7 of the Dungeon)

   It has been specially enchanted to freeze those struck by it, causing extra
   injury to most foes and up to half again as much damage against particularly
   susceptible opponents.
   It can also slow down cold-blooded creatures.
   It affects your intelligence (+5).
   It protects you from poison.
   It lets you fly.
   It may make you go berserk in combat.
Missiles
 l - a throwing net (quivered)
 y - 164 arrows
 B - 7 javelins
Armour
 a - a +0 robe (worn)
 r - a +0 buckler (worn)
 v - a scarf of cloud immunity (worn)
 w - a +0 large shield
 x - a +0 helmet (worn)
 D - a +3 scale mail of fire resistance
 H - a +0 pair of gloves (worn)
Magical Staves
 o - an uncursed staff of summoning
 p - an uncursed staff of energy
Jewellery
 n - an uncursed ring of flight
 u - a ring of see invisible (right hand)
 A - a ring of positive energy (left hand)
Wands
 E - a wand of flame (24)
 F - a wand of enslavement (12)
 G - a wand of disintegration (11)
 I - a wand of iceblast (10)
 O - a wand of polymorph (21)
 P - a wand of random effects (13)
Scrolls
 d - 3 scrolls of remove curse
 e - a scroll of blinking {unknown}
 i - 2 scrolls of magic mapping
 j - a scroll of immolation
 q - 5 scrolls of amnesia
 s - 2 scrolls of fog {unknown}
 t - 4 scrolls of identify
 M - a scroll of fear {unknown}
Potions
 b - 2 potions of cancellation {unknown}
 f - a potion of mutation {unknown}
 g - 7 potions of flight
 h - 2 potions of lignification
 k - 2 potions of heal wounds {unknown}
 m - 4 potions of curing
 z - 3 potions of might {unknown}
 J - a potion of brilliance {unknown}
 K - a potion of degeneration {unknown}
 L - 2 potions of agility
Comestibles
 c - 8 rations
 Q - 3 chunks of flesh


   Skills:
 - Level 8.0 Fighting
 - Level 2.4 Dodging
 - Level 2.4 Stealth
 - Level 4.0 Shields
 + Level 9.5 Spellcasting
 - Level 9.0 Conjurations


You had 21 spell levels left.
You knew the following spells:

 Your Spells              Type           Power        Failure   Level  Hunger
a - Magic Dart            Conj           ####         1%          1    None
b - Searing Ray           Conj           ######       1%          2    None
c - Iskenderun's Mystic   Conj           ######..     1%          4    None

Your spell library contained the following spells:

 Spells                   Type           Power        Failure   Level  Hunger
 Summon Ice Beast         Ice/Summ       ##......     41%         4    None
 Spider Form              Tmut/Pois      ##........   14%         3    None
 Blade Hands              Tmut           ##........   77%         5    ####...
 Ice Form                 Ice/Tmut       ##......     41%         4    None
 Sticks to Snakes         Tmut           ##......     7%          2    None
 Call Canine Familiar     Summ           ##......     14%         3    None
 Summon Butterflies       Summ           ##......     4%          1    None
 Summon Hydra             Summ           ##........   100%        7    #######
 Beastly Appendage        Tmut           ##....       4%          1    None
 Fulminant Prism          Conj/Hex       #####.....   7%          4    None
 Dazzling Spray           Conj/Hex       #####.       2%          3    None
 Force Lance              Conj/Tloc      #####...     7%          4    None
 Summon Mana Viper        Hex/Summ       ##......     77%         5    ####...


Dungeon Overview and Level Annotations

Branches:
Dungeon (9/15)             Temple (1/1) D:5
   Lair: D:8-11         Orc: D:9-12

Altars:
Cheibriados
Dithmenos
Elyvilon
Fedhas
Kikubaaqudgha
Makhleb
Nemelex Xobeh
Okawaru
Qazlal
Ru
Uskayaw
Vehumet
Wu Jian
Xom
Yredelemnul
Zin
The Shining One

Shops:
D:5 [   D:7 !*


Message History

Casting: Iskenderun's Mystic Blast (safe; 1% risk of failure)
Confirm with . or Enter, or press ? or * to list all spells.
Aiming: Searing Ray (safe; 1% risk of failure)
Press: ? - help, Shift-Dir - straight line, f/p - hornet
Aim: a hornet (severely wounded)
The searing ray hits the hornet.
The hornet is severely wounded. (Press . to maintain the ray.)
The hornet stings you!
* * * LOW HITPOINT WARNING * * *
The quokka closely misses you.
The hornet stings you but does no damage.
The quokka bites you.
* * * LOW HITPOINT WARNING * * *
The searing ray hits the hornet.
The hornet is severely wounded.
The hornet stings you.
* * * LOW HITPOINT WARNING * * *
The quokka bites you.
You die...

...#.....#.#..#..###...
...........##..%...#...
...#...........).)..5.
......................
...#...............#..
.......##.....#....# #.#
...........###...####..#.
.................r5......
....###.......##@###.....
##### ###>....##y# ......
##....##.##......
###..##.#.......
##.##...#.... ##......#
#......# #......#
########


You could see a hornet, a crimson imp and a quokka.

Vanquished Creatures
  Prince Ribbit (D:5)
  Sigmund (D:3)
  Eustachio (D:5)
  A water moccasin (D:4)
  3 ice beasts
  3 orc warriors
  3 sky beasts
  4 phantoms
  3 ogres
  An eye of draining (D:9)
  A centaur (D:6)
  6 bullfrogs
  A wyvern skeleton (D:6)
  12 wights
  A crimson imp (D:6)
  2 bullfrog zombies
  2 jellies
  3 orc priests
  3 centaur skeletons
  5 hounds
  Ijyb (D:5)
  Terence (D:3)
  3 iguanas
  An orc wizard (D:7)
  4 worker ants
  A hound zombie (D:3)
  2 hound skeletons
  14 adders
  6 gnolls (D:7)
  5 shadow imps
  3 oozes
  An adder zombie (D:5)
  2 adder skeletons
  3 worms
  The ghost of letownia2 the Skirmisher, a weakling DsFi (D:3)
  4 dart slugs
  A leopard gecko (D:5)
  21 orcs
  5 giant cockroaches
  11 goblins
  7 hobgoblins
  10 jackals
  5 quokkas
  A ball python (D:2)
  A ball python skeleton (D:4)
  7 bats
  4 frilled lizards (D:1)
  A jackal skeleton (D:5)
  5 kobolds
  2 leopard gecko skeletons
  2 leopard gecko zombies
  A quokka zombie (D:6)
  6 rats
199 creatures vanquished.

Vanquished Creatures (others)
  8 plants (D:5)
8 creatures vanquished.

Grand Total: 207 creatures vanquished

Notes
Turn   | Place    | Note
-------+----------+-------------------------------------------
     0 | D:1      | Lilu the Deep Elf Conjurer began the quest for the Orb.
     0 | D:1      | Reached XP level 1. HP: 10/10 MP: 6/6
   544 | D:1      | Reached XP level 2. HP: 15/15 MP: 5/8
   582 | D:1      | Reached skill level 5 in Conjurations
  1005 | D:2      | Learned a level 2 spell: Searing Ray
  1063 | D:2      | Found a blossoming altar of Fedhas.
  1097 | D:2      | Reached XP level 3. HP: 11/19 MP: 1/9
  1532 | D:2      | Found a sacrificial altar of Ru.
  1879 | D:3      | Reached XP level 4. HP: 24/24 MP: 8/10
  2096 | D:3      | Found a shimmering altar of Xom.
  2198 | D:3      | Noticed Terence
  2255 | D:3      | Noticed Sigmund
  2917 | D:3      | Reached XP level 5. HP: 4/28 MP: 1/11
  3165 | D:3      | Learned a level 4 spell: Iskenderun's Mystic Blast
  3220 | D:3      | Killed Sigmund
  3220 | D:3      | Reached XP level 6. HP: 24/32 MP: 3/12
  3222 | D:3      | Found a runed gate.
  3222 | D:3      | Found a runed gate.
  3222 | D:3      | Found a runed gate.
  3234 | D:3      | Noticed letownia2's ghost (weakling DsFi)
  3374 | D:3      | Killed Terence
  3570 | D:3      | Killed letownia2's ghost
  4011 | D:4      | Noticed an ice beast
  4018 | D:4      | Killed an ice beast
  4070 | D:4      | Reached skill level 1 in Fighting
  4127 | D:4      | Noticed a water moccasin
  4139 | D:4      | Killed a water moccasin
  4139 | D:4      | Reached XP level 7. HP: 34/40 MP: 8/13
  4812 | D:4      | Found an iron altar of Okawaru.
  5171 | D:4      | Found a hide-covered altar of Uskayaw.
  5620 | D:4      | Found a burning altar of Makhleb.
  5806 | D:5      | Entered Level 5 of the Dungeon
  5993 | D:5      | Found Wumeaham's Armour Shoppe.
  6215 | D:5      | Reached skill level 5 in Fighting
  6215 | D:5      | Reached XP level 8. HP: 49/49 MP: 4/14
  6368 | D:5      | Noticed Prince Ribbit
  6845 | D:5      | Noticed Eustachio
  6859 | D:5      | Noticed Ijyb
  6863 | D:5      | Reached skill level 1 in Shields
  6867 | D:5      | Killed Eustachio
  6882 | D:5      | Killed Ijyb
  7068 | D:5      | Found a staircase to the Ecumenical Temple.
  7078 | Temple   | Entered the Ecumenical Temple
  7172 | Temple   | Became a worshipper of Vehumet
  7411 | D:5      | Killed Prince Ribbit
  7537 | D:5      | Found a sparkling altar of Nemelex Xobeh.
  7774 | D:6      | Found a basalt altar of Yredelemnul.
  7852 | D:7      | Found Zin's Purification Station.
  7932 | D:7      | Found a glowing silver altar of Zin.
  7933 | D:7      | Found Wororaev's Distillery.
  7953 | D:7      | Reached XP level 9. HP: 57/57 MP: 9/15
  9006 | D:6      | Reached * piety under Vehumet
  9006 | D:6      | Offered knowledge of Freeze by Vehumet.
  9748 | D:7      | Reached skill level 5 in Spellcasting
  9955 | D:7      | Got a scorched flail {freeze}
  9969 | D:7      | Identified the +9 flail of Disharmony {freeze, *Rage +Fly rPois Int+5} (You took it off a gnoll on level 7 of the Dungeon)
 11116 | D:8      | Offered knowledge of Throw Frost by Vehumet.
 11400 | D:8      | Found a stormy altar of Qazlal.
 11569 | D:8      | Reached ** piety under Vehumet
 11592 | D:8      | Found a snail-covered altar of Cheibriados.
 11609 | D:8      | Reached XP level 10. HP: 40/64 MP: 17/24
 12252 | D:9      | Paralysed by a hornet for 3 turns
 12260 | D:9      | HP: 1/64 [hornet (6)]
 12260 | D:9      | Slain by a quokka

Skill      XL: |  1  2  3  4  5  6  7  8  9 10 |
---------------+-------------------------------+-----
Conjurations   | 5 6 7 8 9 |  9.0
Fighting       | 2 5 7 8 |  8.0
Shields        | 3 4 |  4.0
Spellcasting   | 8 9 |  9.5
Dodging        | |  2.4
Stealth        | |  2.4

Action                   |  1- 3 |  4- 6 |  7- 9 | 10-12 || total
-------------------------+-------+-------+-------+-------++-------
Melee: Whip              |     1 |       |       |       ||     1
       Staff             |     6 |    10 |    33 |       ||    49
       Flail             |       |    10 |    47 |    18 ||    75
 Cast: Magic Dart        |    67 |    42 |    79 |     1 ||   189
       Searing Ray       |     2 |    16 |    74 |     7 ||    99
       Iskenderun's Myst |       |       |    16 |     4 ||    20
Evoke: Wand              |       |       |       |     1 ||     1
  Use: Potion            |       |     2 |     4 |     2 ||     8
       Scroll            |       |       |    10 |       ||    10
 Stab: Sleeping          |     1 |       |       |       ||     1
       Distracted        |       |       |     1 |       ||     1
  Eat: Chunk             |     2 |     5 |    19 |     2 ||    28
       Ration            |       |     1 |     1 |       ||     2
Armor: Robe              |     1 |     5 |    20 |     2 ||    28
       Skin              |       |     7 |    23 |       ||    30
Dodge: Dodged            |    12 |    34 |    91 |    23 ||   160
Block: Buckler           |       |       |    29 |    11 ||    40
